 Dungeon Crawl Stone Soup version 0.28-a0-726-g4a9143789a (webtiles) character file.

Game seed: 10079210740828768488

21 cheechan the Chopper (level 3, -2/29 HPs)
             Began as a Formicid Chaos Knight on Oct 27, 2021.
             Was a Plaything of Xom.
             Slain by an ufetubus (4 damage)
             ... summoned by Xom
             ... on level 1 of the Dungeon.
             The game lasted 00:01:10 (234 turns).

cheechan the Chopper (Formicid Chaos Knight)         Turns: 234, Time: 00:01:11

Health: -2/29      AC:  5    Str: 17    XL:     3   Next: 2%
Magic:  3/3        EV: 11    Int: 11    God:    Xom [......]
Gold:   16         SH:  0    Dex: 10    Spells: 2/2 levels left

rFire   . . .      SeeInvis +   a - +0 hand axe (chaos)
rCold   . . .      Faith    .   (no shield)
rNeg    . . .      Spirit   .   b - +2 leather armour
rPois   .          Reflect  .   (helmet unavailable)
rElec   .          Harm     .   (no cloak)
rCorr   .          Rampage  .   (no gloves)
Will    .....                   (no boots)
Stlth   +.........              (no amulet)
HPRegen 0.09/turn               (no ring)
MPRegen 0.08/turn               (no ring)

@: no status effects
A: permanent stasis, dig shafts and tunnels, antennae 3, four strong arms
a: Dig, Shaft Self, Renounce Religion


You were on level 1 of the Dungeon.
You worshipped Xom.
You were a very special plaything of Xom.
You visited 1 branch of the dungeon, and saw 1 of its levels.

You collected 16 gold pieces.

Inventory:

Hand Weapons
 a - a +0 hand axe of chaos (weapon)
Armour
 b - a +2 leather armour (worn)


   Skills:
 + Level 3.5 Fighting
 + Level 3.7 Axes
 + Level 2.4 Armour
 + Level 0.8 Dodging


You had 2 spell levels left.
You didn't know any spells.
Your spell library was empty.

Dungeon Overview and Level Annotations

Branches:
Dungeon (1/15)

Altars:


Innate Abilities, Weirdness & Mutations

You cannot be hasted, slowed, berserked, paralysed or teleported.
You can dig through walls and to a lower floor.
You have a pair of large antennae on your head. (SInv)
Your four strong arms can wield two-handed weapons with a shield.


Message History

You kill the rat!
You miss the hobgoblin.
The hobgoblin hits you but does no damage.
The hobgoblin barely misses you. The hobgoblin hits you.
You see here a rat corpse.
The hobgoblin misses you. The hobgoblin barely misses you.
You see here a rat corpse.
You hit the hobgoblin. You drain the hobgoblin.
You kill the hobgoblin!
You have reached level 3!
Your experience leads to an increase in your attributes!
Increase (S)trength, (I)ntelligence, or (D)exterity?
You feel stronger.
You start resting. "Time to have some fun!"
You hit the white imp.
The white imp seems to grow stronger.
The white imp is heavily wounded.
The ufetubus hits you but does no damage.
The ufetubus closely misses you.
You closely miss the white imp.
The white imp is heavily wounded.
You hit the ufetubus but do no damage.
The ufetubus resists with some effort.
The white imp gestures at you. The puff of frost hits you.
The ufetubus barely misses you. x2
The white imp grins evilly.
The white imp gestures at you. The puff of frost hits you!
* * * LOW HITPOINT WARNING * * *
You barely miss the white imp.
The white imp is heavily wounded.
You miss the ufetubus.
The ufetubus hits you but does no damage. x3
The ufetubus barely misses you.
The white imp hits you but does no damage.
You barely miss the white imp.
The white imp is heavily wounded.
You closely miss the ufetubus. The ufetubus hits you.
You die...

{ #### ####### #...
#.....# +... #.....#
#... #.....# #...
#.....# #... #.....#
#... #.....# #...
#@....# #... #55...#
#... #.....# ######...
####††...# #........
#........# #........
.....##.########.....###
.### #......##...††.###
#......###..#......#..
#.###..# ##...>.......


You could see a white imp (summoned, strong) and an ufetubus (summoned).

Vanquished Creatures
  A ball python (D:1)
  3 endoplasms (D:1)
  7 hobgoblins (D:1)
  A quokka (D:1)
  2 bats (D:1)
  2 frilled lizards (D:1)
  A rat (D:1)
17 creatures vanquished.

Notes
Turn   | Place    | Note
-------+----------+-------------------------------------------
     0 | D:1      | cheechan the Formicid Chaos Knight began the quest for the
                  | Orb.
     0 | D:1      | Reached XP level 1. HP: 18/18 MP: 1/1
    34 | D:1      | XOM: potion effect (invisibility)
   119 | D:1      | Reached XP level 2. HP: 21/24 MP: 2/2
   202 | D:1      | Reached XP level 3. HP: 16/29 MP: 3/3
   227 | D:1      | XOM: summons 2 hostile demons
   234 | D:1      | Slain by an ufetubus

Illustrated notes

Levels and vault maps discovered:
D:1:      dpeg_arrival_tiny_j, layout_basic, minmay_bisected

Action                   || total
-------------------------++-------
Melee: Hand axe          ||    35
 Stab: Invisible         ||     1
Armor: Leather armour    ||    17
Dodge: Dodged            ||    36

Table legend: (Time is in decaauts)
 A = Elapsed time spent in this place.
 B = Non-inter-level travel time spent in this place.
 C = Inter-level travel time spent in this place.
 D = Time resting spent in this place.
 E = Time spent auto-exploring this place.
 F = Levels seen in this place.
 G = Mean time per level.
                   A        B        C        D        E       F      G
               +--------+--------+--------+--------+--------+-----+--------+
         Total |    238 |    238 |      0 |     26 |      0 |   1 |  238.0 |
       Dungeon |    238 |    238 |      0 |     26 |      0 |   1 |  238.0 |
               +--------+--------+--------+--------+--------+-----+--------+

Top non-repeatable levels by time:
     D:1: 238 daAuts
